 Dungeon Crawl Stone Soup version 0.22-a0-398-g8bb545f (webtiles) character file.

1152 KristoblXynda the Ruffian (level 8, -1/67 HPs)
             Began as a Troll Wizard on May 4, 2018.
             Was an Initiate of Cheibriados.
             Killed by divine providence
             ... invoked by an orc priest
              (11 damage)
             ... on level 5 of the Dungeon.
             The game lasted 00:10:39 (4063 turns).

KristoblXynda the Ruffian (Troll Wizard)            Turns: 4063, Time: 00:10:41

Health: -1/67      AC:  6    Str: 17    XL:     8   Next: 16%
Magic:  12/12      EV: 10    Int: 17    God:    Cheibriados [......]
Gold:   139        SH:  0    Dex:  9    Spells: 11/14 levels left

rFire    . . .     SeeInvis .     - Unarmed
rCold    + . .     Gourm    +   (no shield)
rNeg     . . .     Faith    .   a - +0 robe
rPois    .         Spirit   .   b - +0 hat
rElec    .         Reflect  .   p - +0 cloak
rCorr    .         Harm     .   (gloves unavailable)
MR       .....                  (boots unavailable)
Stlth    +.........             (no amulet)
HPRegen  0.61/turn              g - ring of protection from cold
MPRegen  0.13/turn              (no ring)

@: lethally poisoned (-1 -> -1), very slow
A: large, unfitting armour, claws 3, fast metabolism 3, gourmand, regeneration
1, shaggy fur 1, tough skin 2
a: Bend Time, Renounce Religion


You were on level 5 of the Dungeon.
You worshipped Cheibriados.
Cheibriados was noncommittal.
You were not hungry.

You visited 2 branches of the dungeon, and saw 6 of its levels.

You collected 139 gold pieces.

Inventory:

Armour
 a - a +0 robe (worn)
 b - a +0 hat (worn)
 p - a +0 cloak (worn)
Jewellery
 g - a ring of protection from cold (left claw)
 u - an uncursed ring of protection from fire {unknown}
Wands
 e - a wand of paralysis (11)
Scrolls
 c - 3 scrolls of amnesia
 f - a scroll of teleportation
 l - a scroll of remove curse
 t - 2 scrolls of fear
Potions
 h - 3 potions of curing
 i - a potion of degeneration {unknown}
 j - 2 potions of flight {unknown}
 k - a potion of magic
 m - a potion of agility
 n - a potion of might
 o - a potion of invisibility {unknown}
 r - a potion of haste {unknown}
 s - a potion of brilliance {unknown}
Comestibles
 d - 10 rations


   Skills:
 - Level 1.5 Dodging
 - Level 1.0 Stealth
 + Level 5.0 Unarmed Combat
 + Level 3.8 Spellcasting
 - Level 3.3 Conjurations
   Level 0.6 Summonings
   Level 0.6 Translocations
 + Level 1.6 Poison Magic
 + Level 2.0 Invocations
 + Level 1.6 Evocations


You had 11 spell levels left.
You knew the following spells:

 Your Spells              Type           Power        Failure   Level  Hunger
b - Mephitic Cloud        Conj/Pois/Air  #.......     24%         3    ###....


Dungeon Overview and Level Annotations

Branches:
Dungeon (5/15)             Temple (1/1) D:4

Altars:
Ashenzari
Cheibriados
Dithmenos
Elyvilon
Gozag
Hepliaklqana
Kikubaaqudgha
Makhleb
Nemelex Xobeh
Okawaru
Ru
Sif Muna
Trog
Uskayaw
Vehumet
Wu Jian
Xom
Yredelemnul
The Shining One


Innate Abilities, Weirdness & Mutations

You are too large for most types of armour.
You have claws for hands.
Your metabolism is lightning-fast.
You like to eat raw meat.
Your natural rate of healing is unusually fast.
You are covered in fur. (AC +1)
You have very tough skin. (AC +2)


Message History

The adder barely misses you.
You closely miss the adder.
You feel sick. The adder bites you but does no damage.
You closely miss the adder. The adder bites you but does no damage.
An orc comes into view.
You closely miss the adder. The adder bites you.
* * * LOW HITPOINT WARNING * * *
You are more poisoned.
The adder poisons you!
The orc moves out of view.
You claw the adder!
You kill the adder!
Cheibriados thoroughly appreciates the change of pace.
You feel sick.
You claw the orc!
You kill the orc!
Cheibriados appreciates the change of pace.
Your Unarmed Combat skill increases to level 5!
The orc priest calls down the wrath of Beogh upon you.
Beogh smites you!
You die...

# #.#
#.# #.#
#.# #.#
######.#
#.(....#
#)######
#@# #[#
.o# .###
.o #. #.
.


You could see an orc priest and an orc wizard.

Vanquished Creatures
  The ghost of Thaneod the Chopper, an amateur VSFi (D:4)
  Duvessa (D:4)
  A phantom (D:4)
  An ogre (D:5)
  A centaur (D:5)
  Dowan (D:4)
  3 hounds
  An orc priest (D:4)
  3 orc wizards
  A centaur skeleton (D:5)
  An iguana (D:4)
  Ijyb (D:4)
  Natasha (D:2)
  2 worker ants
  A hound skeleton (D:3)
  A howler monkey skeleton (D:3)
  8 adders
  An ooze (D:1)
  3 worms
  4 dart slugs
  A leopard gecko (D:4)
  19 orcs
  2 giant cockroaches
  9 goblins
  8 hobgoblins
  9 jackals
  5 kobolds
  2 quokkas (D:4)
  3 ball pythons
  11 bats
  A frilled lizard (D:3)
  2 rats (D:3)
109 creatures vanquished.

Vanquished Creatures (others)
  An orc wizard (D:3)
1 creature vanquished.

Grand Total: 110 creatures vanquished

Notes
Turn   | Place    | Note
-------+----------+-------------------------------------------
     0 | D:1      | KristoblXynda the Troll Wizard began the quest for the Orb.
     0 | D:1      | Reached XP level 1. HP: 16/16 MP: 2/2
    76 | D:1      | Reached skill level 1 in Conjurations
    76 | D:1      | Reached XP level 2. HP: 18/24 MP: 4/4
   263 | D:1      | Reached skill level 1 in Unarmed Combat
   594 | D:1      | Reached XP level 3. HP: 27/31 MP: 5/5
  1250 | D:2      | Noticed Natasha
  1262 | D:2      | Killed Natasha
  1316 | D:2      | Found a radiant altar of Vehumet.
  1317 | D:2      | Found a shadowy altar of Dithmenos.
  1318 | D:2      | Found a basalt altar of Yredelemnul.
  1318 | D:2      | Found a sacrificial altar of Ru.
  1324 | D:2      | Reached skill level 2 in Unarmed Combat
  1324 | D:2      | Reached XP level 4. HP: 37/39 MP: 6/6
  1620 | D:2      | Learned a level 3 spell: Mephitic Cloud
  2183 | D:3      | Reached XP level 5. HP: 44/45 MP: 7/7
  2472 | D:3      | Reached skill level 3 in Unarmed Combat
  3029 | D:4      | Noticed Thaneod's ghost (amateur VSFi)
  3070 | D:4      | Found a hide-covered altar of Uskayaw.
  3093 | D:4      | Reached XP level 6. HP: 29/53 MP: 9/9
  3273 | D:4      | Found a staircase to the Ecumenical Temple.
  3274 | D:4      | Noticed Ijyb
  3274 | D:4      | Paralysed by Ijyb for 3 turns
  3278 | D:4      | Noticed Dowan
  3279 | D:4      | Noticed Duvessa
  3280 | D:4      | Paralysed by Ijyb for 5 turns
  3303 | D:4      | Killed Duvessa
  3311 | D:4      | Killed Ijyb
  3311 | D:4      | Reached skill level 4 in Unarmed Combat
  3314 | D:4      | Reached XP level 7. HP: 37/59 MP: 10/10
  3317 | D:4      | Killed Dowan
  3405 | Temple   | Entered the Ecumenical Temple
  3437 | Temple   | Became a worshipper of Cheibriados the Contemplative
  3630 | D:4      | Killed Thaneod's ghost
  3630 | D:4      | Reached skill level 1 in Poison Magic
  3630 | D:4      | Reached skill level 1 in Invocations
  3630 | D:4      | Reached skill level 1 in Evocations
  3953 | D:5      | Entered Level 5 of the Dungeon
  4017 | D:5      | Reached XP level 8. HP: 61/67 MP: 12/12
  4063 | D:5      | Reached skill level 5 in Unarmed Combat
  4063 | D:5      | Killed from afar by an orc priest

Vault maps used:
D:1:      tarquinn_simple_flora_water_d
D:2:      grunt_temple_overflow_open, uniq_natasha
D:4:      eat_drink_and_be_merry_uskayaw, minmay_temple_entry_grid,
          first_ration, grunt_ministairs_13, uniq_ijyb, uniq_duvessa
D:5:      grunt_temple_overflow_forces_of_nature, cheibrodos_sewer_entry_bend,
          serial_shops, nicolae_shop_crystal
Temple:   eino_temple_lava

Skill      XL: |  1  2  3  4  5  6  7  8 |
---------------+-------------------------+-----
Conjurations   | 1 2 3 |  3.3
Unarmed Combat | 1 2 3 4 5 |  5.0
Spellcasting   | 3 |  3.8
Poison Magic   | 1 |  1.6
Invocations    | 1 2 |  2.0
Evocations     | 1 |  1.6
Dodging        | |  1.5
Stealth        | |  1.0
Summonings     | |  0.6
Translocations | |  0.6

Action                   |  1- 3 |  4- 6 |  7- 9 || total
-------------------------+-------+-------+-------++-------
Melee: Unarmed           |   102 |   208 |    91 ||   401
       Punch             |     1 |     1 |     1 ||     3
Evoke: Wand              |       |       |     1 ||     1
  Use: Scroll            |       |     4 |     3 ||     7
       Potion            |       |     5 |     1 ||     6
 Stab: Sleeping          |     2 |     1 |     1 ||     4
       Distracted        |       |     1 |       ||     1
       Paralysed         |       |       |    11 ||    11
  Eat: Chunk             |    17 |    19 |     1 ||    37
Armor: Robe              |    46 |    61 |    30 ||   137
Dodge: Dodged            |    47 |    88 |    22 ||   157

Table legend:
 A = Spawn XP
 B = Non-spawn XP
 C = Spawn XP percentage of total XP
 D = Spawn monster count
 E = Non-spawn monster count
 F = Spawn count percentage of total count
 G = Total turns spent on level
                    A         B        C        D         E        F      G
               +---------+---------+-------+---------+---------+-------+---------
         Total |       0 |    1647 |   0.0 |       0 |     109 |   0.0 |  4063
               +---------+---------+-------+---------+---------+-------+---------
           D:1 |       0 |      45 |   0.0 |       0 |      20 |   0.0 |  1074
           D:2 |       0 |      95 |   0.0 |       0 |      18 |   0.0 |   872
           D:3 |       0 |     218 |   0.0 |       0 |      34 |   0.0 |  1072
           D:4 |       0 |     848 |   0.0 |       0 |      21 |   0.0 |   895
           D:5 |       0 |     441 |   0.0 |       0 |      16 |   0.0 |   110
               +---------+---------+-------+---------+---------+-------+---------
